 Dungeon Crawl Stone Soup version 0.26-a0-849-gf1512cd430 (console) character file.

Game seed: 7099216489846276532

2321 AlterAsc the Frost Mage (level 9, 69/69 HPs)
             Began as a Black Draconian Ice Elementalist on Nov 20, 2020.
             Was a Believer of Vehumet.
             Quit the game on level 7 of the Dungeon on Jan 23, 2024.
             The game lasted 00:24:53 (6154 turns).

AlterAsc the Frost Mage (DrIE)                      Turns: 6154, Time: 00:24:53

Health: 69/69      AC: 11    Str: 10    XL:     9   Next: 19%
Magic:  17/17      EV: 12    Int: 19    God:    Vehumet [**....]
Gold:   354        SH:  0    Dex: 12    Spells: 10/19 levels left

rFire    + . .     SeeInvis .   H - staff of fire
rCold    . . .     Faith    .   (no shield)
rNeg     . . .     Spirit   .   (armour unavailable)
rPois    .         Reflect  .   (helmet restricted)
rElec    +         Harm     .   g - +2 cloak
rCorr    .         Rampage  .   (no gloves)
MR       +....                  D - +0 pair of boots
Stlth    ++........             q - amulet of magic regeneration (curse)
HPRegen  0.21/turn              v - ring of protection from magic
MPRegen  0.40/turn              (no ring)

@: no status effects
A: breathe lightning, unfitting armour, electricity resistance, cold-blooded, AC
+7
a: Breathe Lightning, Renounce Religion


You were on level 7 of the Dungeon.
You worshipped Vehumet.
Vehumet was pleased with you.
You visited 2 branches of the dungeon, and saw 8 of its levels.

You collected 354 gold pieces.

Inventory:

Hand Weapons
 h - a +0 spear
Missiles
 d - 7 curare-tipped darts (quivered)
 e - 266 stones
Armour
 g - a +2 cloak (worn)
 y - the +1 robe of the Sparrow {Int+3 Dex+7 SInv}
   (You found it on level 4 of the Dungeon)

   It affects your intelligence (+3).
   It affects your dexterity (+7).
   It lets you see invisible.
 D - a +0 pair of boots (worn)
Magical Staves
 H - an uncursed staff of fire (weapon)
Jewellery
 q - a cursed amulet of magic regeneration (around neck)
 v - a ring of protection from magic (left hand)
 C - an uncursed amulet of the acrobat {unknown}
Wands
 A - a wand of acid (4)
 F - a wand of flame (9)
Scrolls
 b - 2 scrolls of magic mapping
 f - 6 scrolls of remove curse
 i - a scroll of amnesia {unknown}
 r - 2 scrolls of enchant weapon {unknown}
 s - 2 scrolls of teleportation {unknown}
 x - a scroll of blinking {unknown}
 z - 3 scrolls of identify
 G - a scroll of fog {unknown}
Potions
 a - 2 potions of haste
 c - 2 potions of brilliance
 j - 3 potions of flight
 k - 3 potions of curing
 l - a potion of heal wounds {unknown}
 m - 3 potions of mutation
 n - a potion of berserk rage {unknown}
 o - 3 potions of cancellation
 p - a potion of resistance
 t - a potion of might {unknown}
 w - a potion of degeneration {unknown}
 B - 3 potions of attraction {unknown}
 E - a potion of magic {unknown}
 I - a potion of invisibility {unknown}


   Skills:
 - Level 3.0 Fighting
 - Level 2.0 Dodging
 - Level 2.0 Stealth
 + Level 5.9 Spellcasting
 * Level 6.7 Conjurations
 + Level 8.5 Ice Magic


You had 10 spell levels left.
You knew the following spells:

 Your Spells              Type           Power        Failure   Level
a - Freeze                Ice            ####         1%          1
b - Frozen Ramparts       Ice            #####.       1%          3
c - Hailstorm             Conj/Ice       ####....     4%          4
d - Magic Dart            Conj           ####         1%          1

Your spell library contained the following spells:

 Spells                   Type           Power        Failure   Level
 Foxfire                  Conj/Fire      ####         2%          1
 Ozocubu's Armour         Ice            #####...     1%          3
 Summon Ice Beast         Ice/Summ       ###.....     21%         4


Dungeon Overview and Level Annotations

Branches:
Dungeon (7/15)             Temple (1/1) D:4

Altars:
Ashenzari
Cheibriados
Dithmenos
Elyvilon
Hepliaklqana
Kikubaaqudgha
Makhleb
Nemelex Xobeh
Qazlal
Ru
Sif Muna
Trog
Uskayaw
Vehumet
Wu Jian
Xom
Yredelemnul
Zin
The Shining One

Shops:
D:6 [


Innate Abilities, Weirdness & Mutations

You can breathe wild blasts of lightning.
Your glossy black scales are hard. (AC +7)
You cannot fit into any form of body armour.
You are resistant to electric shocks. (rElec)
You are cold-blooded and may be slowed by cold attacks.


Message History

You feel your power returning.
Items here: ( )) [.
Okay, then.
You start resting.
The frozen ramparts melt away.
You start resting.
Magic restored.
You start resting.
HP restored.
You start waiting.
The sentinel's mark upon you fades away.
Saving game... please wait.
Welcome back, AlterAsc the Black Draconian Ice Elementalist.
Vehumet says: Let it end in hellfire!
Press ? for a list of commands and other information.
Unknown command.
Okay, then.
Unknown command.
Okay, then.
Are you sure you want to abandon this character and quit the game? (Confirm with "yes".)

#######
#.....###
#..|..).#
#.....#.#
####'##.# #.#
.. #.# ..#
####@# ..@
#....# ....
#.#### #.#.
#.#### #.###
#....# # #.#..
####.###.#.#.#
#...##.#...#
#........#.###
#......#.#...
##.#####.#.####
#.#....<.....#


There were no monsters in sight!

Vanquished Creatures
  Harold (D:7)
  A water moccasin (D:6)
  Duvessa (D:5)
  An ice beast (D:5)
  3 ogres
  A centaur (D:7)
  3 bullfrogs
  Dowan (D:5)
  A scorpion (D:4)
  A howler monkey (D:4)
  A bullfrog skeleton (D:4)
  A centaur zombie (D:5)
  2 hounds (D:5)
  An orc priest (D:6)
  5 orc wizards
  An iguana (D:6)
  4 worker ants
  A hound zombie (D:5)
  4 gnolls
  8 adders
  2 shadow imps (D:6)
  A white imp (D:5)
  3 oozes
  An adder skeleton (D:4)
  A worm (D:3)
  A dart slug (D:1)
  5 leopard geckos
  23 orcs
  3 giant cockroaches
  6 goblins
  7 hobgoblins
  7 jackals
  3 quokkas
  6 bats
  6 frilled lizards
  7 kobolds
  2 rats (D:1)
126 creatures vanquished.

Notes
Turn   | Place    | Note
-------+----------+-------------------------------------------
     0 | D:1      | AlterAsc the Draconian Ice Elementalist began the quest for
                  | the Orb.
     0 | D:1      | Reached XP level 1. HP: 14/14 MP: 3/3
   272 | D:1      | Reached XP level 2. HP: 20/20 MP: 0/5
   722 | D:1      | Reached XP level 3. HP: 26/27 MP: 1/6
   800 | D:1      | Reached skill level 1 in Fighting
   806 | D:1      | Learned a level 3 spell: Frozen Ramparts
  1414 | D:2      | Found a sparkling altar of Nemelex Xobeh.
  1894 | D:2      | Reached XP level 4. HP: 35/35 MP: 3/7
  2096 | D:3      | Reached skill level 5 in Ice Magic
  2308 | D:3      | Reached XP level 5. HP: 41/41 MP: 6/9
  2448 | D:3      | Noticed an ogre
  2465 | D:3      | Killed an ogre
  2712 | D:4      | Reached XP level 6. HP: 50/50 MP: 5/10
  2800 | D:4      | Reached skill level 6 in Ice Magic
  2910 | D:4      | Got a ripped robe
  2911 | D:4      | Identified the +1 robe of the Sparrow {Int+3 Dex+7 SInv}
                  | (You found it on level 4 of the Dungeon)
  2977 | D:4      | Found a staircase to the Ecumenical Temple.
  2986 | Temple   | Entered the Ecumenical Temple
  3145 | Temple   | Became a worshipper of Vehumet
  3580 | D:4      | Learned a level 4 spell: Hailstorm
  3690 | D:5      | Entered Level 5 of the Dungeon
  4004 | D:5      | Your scales start taking on a glossy black colour.
  4004 | D:5      | Reached XP level 7. HP: 49/57 MP: 9/12
  4004 | D:5      | Gained mutation: You are resistant to electric shocks.
                  | (rElec) [Black Draconian growth]
  4133 | D:5      | Reached skill level 1 in Conjurations
  4224 | D:5      | Noticed Duvessa
  4238 | D:5      | You fall into a shaft and drop 1 floor!
  4674 | D:5      | Reached * piety under Vehumet
  4674 | D:5      | Offered knowledge of Magic Dart by Vehumet.
  4715 | D:5      | Reached skill level 7 in Ice Magic
  4719 | D:5      | Learned a level 1 spell: Magic Dart
  5153 | D:5      | Noticed Dowan
  5163 | D:5      | Killed Duvessa
  5169 | D:5      | Killed Dowan
  5170 | D:5      | Reached XP level 8. HP: 55/63 MP: 10/14
  5328 | D:6      | Found Jeapeam's Armour Shoppe.
  5793 | D:6      | Reached skill level 5 in Spellcasting
  5998 | D:7      | Noticed Harold
  6015 | D:7      | Reached ** piety under Vehumet
  6016 | D:7      | Reached skill level 5 in Conjurations
  6021 | D:7      | Killed Harold
  6022 | D:7      | Reached skill level 8 in Ice Magic
  6022 | D:7      | Reached XP level 9. HP: 50/69 MP: 5/17
  6040 | D:7      | Offered knowledge of Foxfire by Vehumet.
  6154 | D:7      | Quit the game

Illustrated notes

Levels and vault maps discovered:
D:1:      nicolae_arrival_memento_mori, layout_basic
D:2:      layout_loops_ring, lemuel_coloured_pillars_altar, serial_rivers,
          chequers_serial_rivers_small_a, chequers_serial_rivers_small_b,
          chequers_serial_rivers_micro_a, chequers_serial_rivers_room_b,
          bh_walls_and_bars
D:3:      layout_loops_ring, minmay_box_of_dots
D:4:      layout_basic, minmay_temple_entry_stoned_glass
D:5:      layout_loops_ring, nicolae_overflow_hidden_temple, uniq_duvessa
D:6:      layout_gridville, serial_shops, nicolae_shop_statue_plus,
          kennysheep_generic_room_12
D:7:      layout_basic, serial_shops, shop_statue, uniq_harold
Temple:   dpeg_five_rooms_temple

Skill      XL: |  1  2  3  4  5  6  7  8 |
---------------+-------------------------+-----
Dodging        | 2 |  2.0
Stealth        | 2 |  2.0
Fighting       | 1 2 3 |  3.0
Ice Magic      | 5 6 7 8 |  8.5
Spellcasting   | 3 4 5 |  5.9
Conjurations   | 3 6 |  6.7

Action                   |  1- 3 |  4- 6 |  7- 9 || total
-------------------------+-------+-------+-------++-------
Melee: Unarmed           |    21 |       |       ||    21
       Tailslap          |     2 |     5 |    10 ||    17
       Spear             |     5 |     3 |       ||     8
       Staff             |       |    50 |    49 ||    99
 Cast: Freeze            |    53 |    26 |    26 ||   105
       Frozen Ramparts   |     3 |    21 |    22 ||    46
       Magic Dart        |       |       |    15 ||    15
       Hailstorm         |       |       |     9 ||     9
 Abil: Breathe Lightning |       |       |    11 ||    11
  Use: Scroll            |       |     7 |     2 ||     9
       Potion            |       |       |     1 ||     1
 Stab: Sleeping          |     2 |       |       ||     2
Armor: Skin              |    14 |    33 |    43 ||    90
Dodge: Dodged            |    51 |    50 |    63 ||   164

Table legend: (Time is in decaauts)
 A = Elapsed time spent in this place.
 B = Non-inter-level travel time spent in this place.
 C = Inter-level travel time spent in this place.
 D = Time resting spent in this place.
 E = Time spent auto-exploring this place.
 F = Levels seen in this place.
 G = Mean time per level.
                   A        B        C        D        E       F      G
               +--------+--------+--------+--------+--------+-----+--------+
         Total |   6181 |   6019 |    162 |   1071 |   3523 |   8 |  772.6 |
       Dungeon |   5942 |   5830 |    112 |   1071 |   3337 |   7 |  848.9 |
        Temple |    238 |    188 |     50 |      0 |    186 |   1 |  238.0 |
               +--------+--------+--------+--------+--------+-----+--------+

Top non-repeatable levels by time:
     D:5: 1237 daAuts
     D:1: 1094 daAuts
     D:6: 1034 daAuts
     D:2: 892 daAuts
     D:4: 761 daAuts
     D:3: 714 daAuts
  Temple: 238 daAuts
     D:7: 207 daAuts
